 Dungeon Crawl Stone Soup version 0.27.1-34-g3ba077fa99 (webtiles) character file.

Game seed: 12978555826014288410

2555 Cykl0x the Conjurer (level 9, -8/53 HPs)
             Began as a Gargoyle Conjurer on Jan 25, 2022.
             Was a Priest of the Shining One.
             Mangled by a two-headed ogre (11 damage)
             ... on level 7 of the Dungeon.
             The game lasted 00:28:02 (9190 turns).

Cykl0x the Conjurer (Gargoyle Conjurer)             Turns: 9190, Time: 00:28:03

Health: -8/53      AC: 15    Str: 13    XL:     9   Next: 56%
Magic:  1/14       EV: 11    Int: 20    God:    the Shining One [***...]
Gold:   842        SH:  0    Dex:  8    Spells: 1/15 levels left

rFire    . . .     SeeInvis +   C - +2 falchion (vorpal)
rCold    . . .     Faith    .   (no shield)
rNeg     + + .     Spirit   .   v - +0 acid dragon scales
rPois    ∞         Reflect  .   d - +1 helmet
rElec    +         Harm     .   (no cloak)
rCorr    +         Rampage  .   (no gloves)
Will     .....                  (no boots)
Stlth    +.........             (no amulet)
HPRegen  0.17/turn              j - ring of see invisible
MPRegen  0.14/turn              o - ring of wizardry

@: glowing
A: sickness immunity, AC +6, negative energy resistance 1, electricity
resistance, torment resistance 1, petrification resistance
a: Renounce Religion, Divine Shield


You were on level 7 of the Dungeon.
You worshipped the Shining One.
The Shining One was most pleased with you.
You visited 2 branches of the dungeon, and saw 8 of its levels.
You also visited: Ossuary.

You collected 848 gold pieces.
You donated 6 gold pieces to Zin.

Inventory:

Hand Weapons
 g - a +1 short sword
 r - a +2 dagger of venom
 C - a +2 vorpal falchion (weapon)
Missiles
 e - a throwing net
Armour
 a - a +0 robe
 d - a +1 helmet (worn)
 f - a +0 ring mail
 s - a +0 scale mail
 v - +0 acid dragon scales (worn)
Jewellery
 j - a ring of see invisible (left hand)
 m - a ring of fire
 o - a ring of wizardry (right hand)
Wands
 p - a wand of flame (40)
 A - a wand of polymorph (17)
Scrolls
 u - a scroll of identify
 w - 3 scrolls of magic mapping
 y - a scroll of enchant weapon
 B - a scroll of fog
 F - a scroll of vulnerability
 G - a scroll of silence {unknown}
Potions
 b - 2 potions of curing
 c - a potion of brilliance
 h - a potion of flight
 i - 2 potions of lignification
 k - a potion of cancellation
 l - a potion of attraction {unknown}
 n - 2 potions of invisibility
 q - a potion of might
 t - a potion of ambrosia
 x - 2 potions of heal wounds {unknown}
 z - 3 potions of haste {unknown}
 E - 3 potions of mutation {unknown}
 H - a potion of berserk rage {unknown}


   Skills:
 * Level 4.9 Fighting
 - Level 1.0(3.3) Short Blades
 + Level 5.1(5.2) Long Blades
 + Level 4.4 Armour
 + Level 3.0 Dodging
 - Level 2.2 Stealth
 + Level 3.7 Spellcasting
 + Level 6.4 Conjurations
 * Level 3.9 Hexes
 * Level 4.7 Invocations


You had one spell level left.
You knew the following spells:

 Your Spells              Type           Power      Damage    Failure   Level
a - Magic Dart            Conj           100%       1d8       1%          1
b - Searing Ray           Conj           58%        3d5       1%          2
c - Fulminant Prism       Conj/Hex       12%        3d9       9%          4
d - Orb of Destruction    Conj           14%        9d7       98%         7

Your spell library contained the following spells:

 Spells                   Type           Power      Damage    Failure   Level
 Dazzling Flash           Conj/Hex       48%        N/A       2%          3
 Static Discharge         Conj/Air       16%        N/A       3%          2
 Poisonous Vapours        Pois/Air       6%         N/A       12%         2
 Iskenderun's Mystic Bla  Conj/Tloc      16%        2d5       21%         4
 Lightning Bolt           Conj/Air       8%         1d20      45%         5
 Conjure Ball Lightning   Conj/Air       8%         3x3d6     95%         6
 Maxwell's Capacitive Co  Air            1%         ∞         100%        8
 Fire Storm               Conj/Fire      8%         8d2       100%        9


Dungeon Overview and Level Annotations

Branches:
Dungeon (7/15)             Temple (1/1) D:4         Ossuary (visited)

Altars:
Ashenzari
Cheibriados
Dithmenos
Elyvilon
Fedhas
Gozag
Hepliaklqana
Kikubaaqudgha
Makhleb
Nemelex Xobeh
Okawaru
Qazlal
Ru
Sif Muna
Trog
Uskayaw
Vehumet
Wu Jian
Xom
Yredelemnul
Zin
The Shining One

Shops:
D:5 *

Annotations:
D:4 2 runed translucent doors
D:5 2 transporters, temujin's ghost, novice DjCj


Innate Abilities, Weirdness & Mutations

You are immune to sickness and miasma.
Your stone body is resilient. (AC +6)
You are immune to poison.
You resist negative energy. (rN+)
You are resistant to electric shocks. (rElec)
You are resistant to unholy torment.
You are immune to petrification.


Message History

(Press . to maintain the ray.)
The searing ray hits the two-headed ogre!
The two-headed ogre is heavily wounded.
The searing ray hits the two-headed ogre!
The two-headed ogre is severely wounded.
Without enough magic to sustain it, your searing ray dissipates.
The two-headed ogre barely misses you.
You riposte.
You hit the two-headed ogre.
The two-headed ogre is severely wounded.
The two-headed ogre hits you with a +0 giant club!
Casting: Searing Ray (safe; 1% risk of failure)
Confirm with . or Enter, or press ? or * to list all spells.
You don't have enough magic to cast this spell.
Unknown command.
Casting: Searing Ray (safe; 1% risk of failure)
Confirm with . or Enter, or press ? or * to list all spells.
You don't have enough magic to cast this spell.
Unknown command.
Blink to where?
Press: ? - help, Dir - move target, p - two-headed ogre
As you read the scroll of blinking, it crumbles to dust.
Okay, then.
The magic dart hits the two-headed ogre.
The two-headed ogre is almost dead.
The orc wizard gestures wildly while chanting.
The orc wizard flickers and vanishes for a moment.
You barely miss the two-headed ogre.
The two-headed ogre is almost dead.
The two-headed ogre closely misses you.
The two-headed ogre hits you but does no damage.
You hit the two-headed ogre but do no damage.
The two-headed ogre is severely wounded.
The two-headed ogre hits you with a +0 great mace!
The two-headed ogre hits you with a +0 giant club!
You hit the two-headed ogre.
The two-headed ogre is almost dead.
The two-headed ogre hits you with a +0 great mace!
* * * LOW HITPOINT WARNING * * *
The two-headed ogre hits you with a +0 giant club!
You die...

.....................#...........
###.####.##.####.................
..# #.............###.##.#..##
... #.##.##...........##.#..# ...
#.##.######.##.##.##.#..#
#.##.######..#.##.##.#..#
#............#.##.##.# .#
#............#.##.##.#..##
#........@Oo.o.##.#.......
####....#####.....o..#
#######....# #..##o#.##
#..........# ##.##.#.#
#.#####....# #..#.#O#
#.#####....### #.......
#..........'.# ##.#.#).
########...#.# .......
.#######.......#.# .#....o


You could see a two-headed ogre, an orc wizard (invisible) and an orc.

Vanquished Creatures
  Eustachio (D:6)
  An ice beast (D:7)
  A black bear (D:6)
  A sky beast (D:5)
  A hornet zombie (D:7)
  A necrophage (D:6)
  3 ogres (D:5)
  2 phantoms
  8 scorpions
  A water moccasin skeleton (D:5)
  3 wights (D:6)
  3 centaur zombies (Ossuary)
  A hound (D:5)
  A human zombie (Ossuary)
  3 orc priests
  A bullfrog zombie (D:6)
  A bullfrog skeleton (D:6)
  3 jellies
  4 scorpion zombies (Ossuary)
  Jessica (D:2)
  2 iguanas
  2 orc wizards
  A hound skeleton (D:5)
  3 mummies (Ossuary)
  Robin (D:2)
  10 adders
  An ufetubus (D:5)
  7 dart slugs
  17 orcs
  10 bats
  An endoplasm (D:1)
  3 giant cockroaches
  3 gnoll zombies (Ossuary)
  10 goblins
  13 hobgoblins
  7 jackals
  6 quokkas
  6 ball pythons
  3 frilled lizards
  A goblin zombie (Ossuary)
  2 hobgoblin zombies (Ossuary)
  5 kobolds
  A kobold zombie (Ossuary)
  2 orc zombies (Ossuary)
  2 rats
160 creatures vanquished.

Vanquished Creatures (others)
  5 fulminant prisms
  13 plants
  A withered plant (D:2)
19 creatures vanquished.

Grand Total: 179 creatures vanquished

Notes
Turn   | Place    | Note
-------+----------+-------------------------------------------
     0 | D:1      | Cykl0x the Gargoyle Conjurer began the quest for the Orb.
     0 | D:1      | Reached XP level 1. HP: 10/10 MP: 3/3
   419 | D:1      | Reached XP level 2. HP: 16/16 MP: 1/5
   711 | D:1      | Learned a level 2 spell: Searing Ray
  1259 | D:2      | Reached skill level 1 in Fighting
  1259 | D:2      | Reached XP level 3. HP: 20/20 MP: 2/6
  1304 | D:2      | Reached skill level 5 in Conjurations
  1307 | D:2      | Noticed Robin
  1631 | D:2      | Killed Robin
  1632 | D:2      | Reached XP level 4. HP: 25/25 MP: 0/7
  1714 | D:2      | Reached skill level 1 in Armour
  2135 | D:2      | Noticed Jessica
  2137 | D:2      | Killed Jessica
  2138 | D:2      | Reached skill level 1 in Long Blades
  2143 | D:2      | Learned a level 4 spell: Fulminant Prism
  2296 | D:2      | Reached XP level 5. HP: 29/29 MP: 4/8
  2682 | D:2      | Found a faded altar of an unknown god.
  2713 | D:2      | You fall into a shaft and drop 2 floors!
  2713 | D:4      | Found a large runed translucent door.
  2778 | D:4      | Found a large runed translucent door.
  2780 | D:4      | Found a shimmering altar of Xom.
  2801 | D:4      | Found a staircase to the Ecumenical Temple.
  2810 | Temple   | Entered the Ecumenical Temple
  3027 | Temple   | Became a worshipper of Zin the Law-Giver
  3187 | D:4      | Noticed a phantom
  3196 | D:4      | Killed a phantom
  3197 | D:4      | Reached skill level 1 in Hexes
  3197 | D:4      | Reached XP level 6. HP: 35/35 MP: 2/9
  3378 | D:3      | Reached skill level 1 in Invocations
  4560 | D:4      | Found a broken altar of Ashenzari.
  4562 | D:4      | Found a glowing golden altar of the Shining One.
  4564 | D:4      | Found a shadowy altar of Dithmenos.
  4565 | D:4      | Found a shimmering altar of Xom.
  4565 | D:4      | Found a blossoming altar of Fedhas.
  4566 | D:4      | Found an ancient bone altar of Kikubaaqudgha.
  4570 | D:4      | Fell from the grace of Zin
  4570 | D:4      | Became a worshipper of the Shining One
  4896 | D:4      | Found a sacrificial altar of Ru.
  5160 | D:5      | Entered Level 5 of the Dungeon
  5165 | D:5      | Reached XP level 7. HP: 25/40 MP: 5/11
  5301 | D:5      | Noticed temujin's ghost (novice DjCj)
  5311 | D:5      | Found a transporter.
  5316 | D:5      | Found a transporter.
  5406 | D:5      | Reached skill level 1 in Short Blades
  5574 | D:5      | Identified a scroll of acquirement
  5574 | D:5      | Acquired the Reference Book on the Harmful Birds
  5910 | D:5      | Found Visagik's General Store.
  5998 | D:5      | Reached XP level 8. HP: 46/46 MP: 5/12
  6152 | D:5      | Identified the +9 glaive "Fepeath" {drain, Will- Int+4 SInv
                  | Stlth+}
  6436 | D:6      | Found a sand-covered staircase.
  6445 | Ossuary  | Entered an ossuary
  6450 | Ossuary  | Reached * piety under the Shining One
  6469 | Ossuary  | Reached skill level 6 in Conjurations
  6807 | Ossuary  | Reached ** piety under the Shining One
  7330 | Ossuary  | Acquired 644 gold pieces
  7470 | D:6      | Reached XP level 9. HP: 52/52 MP: 8/14
  7841 | D:6      | Noticed Eustachio
  7848 | D:6      | Killed Eustachio
  8131 | D:6      | Found a shimmering blue altar of Sif Muna.
  8151 | D:6      | Found a hide-covered altar of Uskayaw.
  8151 | D:6      | Found an opulent altar of Gozag.
  8404 | D:6      | Found an ornate altar of the Wu Jian Council.
  8433 | D:6      | Reached *** piety under the Shining One
  8576 | D:6      | Reached skill level 5 in Long Blades
  8780 | D:7      | Learned a level 7 spell: Orb of Destruction
  9168 | D:7      | Noticed a two-headed ogre
  9190 | D:7      | Mangled by a two-headed ogre

Illustrated notes

Levels and vault maps discovered:
D:1:      minmay_arrival_stone_box, layout_basic
D:2:      layout_basic, ebering_ecumenical_altar_petrified, uniq_jessica,
          uniq_robin
D:3:      layout_basic, chequers_serial_rivers_micro_c
D:4:      due_chaos_kobolds, layout_basic, grunt_temple_overflow_open,
          mainiacjoe_overflow_chevrons, minmay_temple_entry_crystal_x
D:5:      layout_cave_pools, gammafunk_ghost_hive, serial_shops,
          nicolae_shop_waterfront, minmay_checkerbox
D:6:      layout_loops_corners, nicolae_sif_muna_little_library,
          mainiacjoe_overflow_boulevard, gammafunk_temple_overflow_wave,
          chequers_ossuary_entry_cave, uniq_eustachio
D:7:      layout_basic
Temple:   minmay_temple_curvy_loop

Skill      XL: |  1  2  3  4  5  6  7  8  9 |
---------------+----------------------------+-----
Fighting       | 1 2 3 4 |  4.9
Conjurations   | 5 6 |  6.4
Armour         | 1 2 3 4 |  4.4
Long Blades    | 1 2 4 5 |  5.1
Dodging        | 2 3 |  3.0
Hexes          | 1 2 3 |  3.9
Invocations    | 1 2 3 4 |  4.7
Spellcasting   | 3 |  3.7
Short Blades   | 1 |  1.0
Stealth        | |  2.2

Action                   |  1- 3 |  4- 6 |  7- 9 || total
-------------------------+-------+-------+-------++-------
Melee: Unarmed           |    19 |       |       ||    19
       Short sword       |       |    45 |    59 ||   104
       Falchion          |       |       |   215 ||   215
 Cast: Magic Dart        |    25 |    78 |    67 ||   170
       Searing Ray       |     8 |    13 |    31 ||    52
       Fulminant Prism   |       |       |     5 ||     5
  Use: Scroll            |     2 |     4 |    16 ||    22
Armor: Ring mail         |    45 |    30 |    46 ||   121
       Scale mail        |       |       |   113 ||   113
       Acid dragon scale |       |       |    10 ||    10
Dodge: Dodged            |    43 |    37 |   140 ||   220
       Rpst.: Falchion   |       |       |    31 ||    31
